Map: World of Sleepers LE

Players

IIIIIIIIIIII - Winner!

  • Race: Zerg Zerg
  • League: Grandmaster
  • Spawn Location: 1:00

kapterhan

  • Race: Terran Terran
  • League: Grandmaster
  • Spawn Location: 7:00

VOD

Have the link to the VOD?

Description

Time

  • Played on: Feb. 4, 2020, 7:34 a.m.
  • Length: 12:30
Show
View Real Time Build Order
Export as new Build Order

IIIIIIIIIIII Zerg - Winner!

Build Orders: Hatch First, Swarm Host 

Get SALT Encoding   

  12  0:01  Drone  
  13  0:12  Overlord  
  13  0:17  Drone  
  14  0:32  Drone x2  
  16  0:47  Hatchery  
  15  0:51  Drone  
  15  0:54  Drone  
  17  0:58  Drone  
  18  1:08  Extractor  
  17  1:14  Spawning Pool  
  17  1:16  Drone  
  17  1:20  Drone  
  18  1:28  Drone  
  19  1:39  Drone  
  20  1:50  Overlord  
  20  2:01  Queen x2  
  22  2:02  Zergling x4  
  26  2:10  Drone  
  26  2:11  Drone  
  28  2:16  Metabolic Boost  
  28  2:28  Drone x2  
  29  2:36  Spore Crawler, Queen  
  28  2:42  Overlord  
  31  2:44  Drone x2  
  31  2:45  Drone  
  34  3:03  Hatchery  
  34  3:04  Pneumatized Carapace  
  33  3:10  Drone x2  
  34  3:18  Drone x3  
  37  3:21  Drone x2  
  39  3:27  Queen  
  39  3:32  Overlord  
  42  3:34  Drone  
  42  3:35  Drone  
  43  3:48  Overlord  
  43  3:50  Queen, Drone  
  43  3:54  Zergling x6  
  49  3:56  Overlord  
  49  3:58  Drone  
  49  3:59  Drone  
  51  4:06  Queen, Drone  
  54  4:11  Drone  
  54  4:12  Drone x2  
  57  4:20  Drone x4  
  61  4:30  Overlord  
  61  4:31  Drone, Lair  
  61  4:32  Drone x2  
  61  4:37  Queen  
  66  4:48  Overlord  
  66  4:50  Queen  
  68  4:53  Drone x8  
  68  4:56  Roach Warren  
  68  4:59  Extractor  
  74  5:01  Extractor  
  74  5:05  Drone x4  
  74  5:06  Drone x2  
  79  5:08  Overlord  
  79  5:12  Drone  
  80  5:16  Drone x4  
  80  5:20  Spore Crawler x2  
  82  5:23  Overlord  
  82  5:29  Extractor  
  82  5:30  Spore Crawler, Overlord, Extractor  
  82  5:31  Drone  
  82  5:32  Drone x2  
  82  5:38  Roach x5  
  92  5:46  Extractor  
  92  5:47  Drone x3  
  92  5:48  Drone  
  92  5:49  Drone  
  96  5:52  Hatchery  
  95  5:57  Overlord, Queen x2  
  99  6:06  Glial Reconstitution  
  99  6:08  Evolution Chamber  
  99  6:10  Evolution Chamber  
  96  6:14  Overlord  
  96  6:17  Drone x3  
  98  6:25  Overlord  
  98  6:34  Zerg Missile Weapons Level 1  
  98  6:36  Queen x3, Zerg Ground Armor Level 1  
  104  6:44  Overlord  
  104  6:45  Overlord  
  104  6:46  Infestation Pit  
  103  6:50  Overlord  
  103  6:53  Roach x6  
  115  7:11  Queen x2  
  121  7:25  Swarm Host x9  
  121  7:29  Queen, Swarm Host  
  148  7:30  Swarm Host  
  148  7:33  Swarm Host  
  157  7:39  Swarm Host  
  157  7:41  Overlord x3  
  160  7:45  Overlord  
  160  7:51  Overlord  
  160  8:01  Roach x5  
  170  8:12  Roach x5  
  180  8:18  Spore Crawler  
  180  8:19  Spore Crawler  
  178  8:20  Spore Crawler  
  178  8:22  Spore Crawler  
  178  8:23  Ravager x8  
  180  8:35  Roach x8  
  194  8:45  Roach x6  
  196  8:50  Roach  
  196  8:51  Roach x2  
  191  9:04  Roach x4  
  187  9:27  Roach  
  187  9:28  Roach x6  
  163  9:39  Roach x12  
  185  9:56  Ravager x6  
  185  9:57  Zergling x12  
  193  10:12  Roach x6  
  173  10:25  Roach x4  
  181  10:30  Ravager x4  
  185  10:42  Queen x4  
  158  11:11  Roach x17  
  168  11:12  Roach x4  
  186  11:22  Roach  
  186  11:23  Roach x3  
  182  11:30  Queen x3  
  188  11:34  Roach x2  
  192  11:42  Ravager x6  
  192  11:44  Zergling x2  
  192  11:45  Zergling x2  
Show
View Real Time Build Order
Export as new Build Order

kapterhan Terran 

Build Orders: Reaper Expand, Mech 

Get SALT Encoding   

  12  0:00  SCV  
  13  0:12  SCV  
  14  0:16  Supply Depot  
  14  0:24  SCV  
  15  0:38  SCV  
  15  0:39  Barracks  
  16  0:44  Refinery  
  16  0:50  SCV  
  17  1:02  SCV  
  18  1:14  SCV  
  19  1:26  Reaper, Orbital Command  
  20  1:40  Command Center  
  20  1:49  Supply Depot  
  20  1:52  SCV  
  21  1:58  Marine  
  22  2:04  SCV  
  23  2:10  Factory  
  23  2:16  SCV  
  23  2:21  Barracks Reactor  
  24  2:28  SCV  
  25  2:40  SCV  
  25  2:42  Command Center  
  26  2:52  SCV  
  26  2:53  Orbital Command  
  26  3:05  SCV  
  26  3:13  Hellion x2  
  26  3:17  SCV  
  31  3:22  Refinery  
  31  3:24  Starport, SCV  
  32  3:29  SCV  
  33  3:36  SCV  
  34  3:42  SCV  
  34  3:47  Refinery  
  35  3:49  SCV  
  35  3:54  SCV  
  35  3:55  Orbital Command  
  37  4:01  SCV  
  38  4:06  SCV, Fusion Core  
  39  4:13  Starport Tech Lab, SCV  
  39  4:14  Refinery  
  39  4:16  Hellion x2  
  44  4:18  SCV  
  44  4:21  SCV  
  46  4:25  SCV  
  46  4:29  Supply Depot  
  46  4:30  SCV  
  48  4:33  SCV, Supply Depot  
  48  4:37  SCV  
  50  4:42  SCV  
  51  4:48  Orbital Command  
  51  4:49  SCV  
  52  4:54  SCV  
  52  4:56  Battlecruiser  
  52  4:57  Hellion x2  
  63  5:01  SCV  
  63  5:06  SCV  
  63  5:07  Supply Depot  
  65  5:08  Supply Depot  
  65  5:13  SCV  
  66  5:14  SCV  
  66  5:18  SCV  
  66  5:19  Hellion x2  
  72  5:25  SCV, Factory  
  72  5:26  SCV, Factory  
  74  5:30  SCV  
  74  5:31  Refinery, Supply Depot  
  75  5:37  SCV  
  75  5:38  SCV  
  77  5:43  SCV  
  79  5:50  SCV x2  
  79  5:53  Refinery  
  79  5:55  SCV  
  79  5:56  Hellion  
  79  5:57  Hellion  
  85  6:00  Battlecruiser  
  85  6:02  SCV x2  
  93  6:07  SCV  
  94  6:14  Factory Tech Lab x2, SCV  
  94  6:15  SCV  
  96  6:19  SCV  
  97  6:25  Armory  
  97  6:26  SCV, Armory  
  97  6:27  SCV, Command Center  
  97  6:31  SCV  
  100  6:37  Supply Depot x2  
  100  6:38  SCV  
  101  6:41  SCV, Siege Tank x2  
  101  6:43  Weapon Refit  
  101  6:44  SCV  
  109  6:52  Factory  
  109  6:54  Factory  
  109  6:56  SCV x2  
  109  6:58  SCV  
  108  7:01  Supply Depot  
  108  7:02  Engineering Bay  
  108  7:03  Supply Depot  
  108  7:13  Siege Tank x2  
  114  7:16  Terran Vehicle And Ship Armor Level 1, Terran Vehicle Weapons Level 1, SCV  
  115  7:25  Supply Depot  
  115  7:27  Supply Depot  
  119  7:30  Hellion x2  
  119  7:33  Battlecruiser  
  125  7:37  Factory Tech Lab  
  125  7:38  Factory Reactor  
  125  7:49  Missile Turret  
  125  7:50  Missile Turret  
  125  7:52  Missile Turret x2  
  125  7:53  Missile Turret x2  
  125  7:54  Missile Turret  
  125  7:57  Cyclone x2  
  125  7:58  Mag-Field Accelerator, Infernal Pre-Igniter  
  131  7:59  Cyclone  
  131  8:00  Hellion  
  131  8:02  Refinery  
  136  8:05  SCV  
  136  8:08  Planetary Fortress  
  137  8:16  Sensor Tower  
  137  8:17  Command Center  
  137  8:20  SCV  
  136  8:31  Siege Tank  
  136  8:33  SCV  
  136  8:34  SCV  
  137  8:38  Hellion x2, Siege Tank x2  
  137  8:39  Hellion  
  130  8:43  SCV  
  130  8:44  SCV  
  130  8:45  SCV  
  130  8:46  SCV  
  130  8:55  SCV  
  129  8:56  Hellion, SCV  
  129  8:58  SCV x2  
  129  9:00  Hellion  
  136  9:03  Siege Tank  
  136  9:06  Command Center  
  136  9:07  SCV  
  136  9:08  SCV  
  136  9:09  Hellion  
  143  9:10  SCV x2, Siege Tank x2  
  151  9:19  SCV  
  151  9:20  SCV  
  130  9:25  SCV  
  130  9:30  SCV  
  129  9:32  Hellion x2  
  129  9:33  Hellion  
  129  9:35  Siege Tank  
  129  9:36  SCV  
  129  9:37  SCV  
  133  9:40  SCV  
  133  9:42  Siege Tank  
  133  9:43  Siege Tank  
  126  10:07  Thor, Hellbat x4  
  126  10:12  SCV x2  
  126  10:13  SCV x2  
  105  10:24  SCV x2  
  105  10:25  SCV x2  
  109  10:30  Hellbat x3  
  109  10:31  Hellbat  
  109  10:33  Hellbat  
  119  10:36  SCV, Hellbat  
  119  10:38  Orbital Command  
  119  10:42  SCV x3  
  125  10:47  Thor  
  125  10:49  SCV  
  126  10:51  Hellbat  
  126  10:52  Hellbat  
  126  10:54  Thor  
  138  11:03  Hellbat  
  120  11:08  Thor, Siege Tank  
  120  11:09  Hellbat, Siege Tank  
  106  11:12  SCV  
  106  11:13  Hellbat x2  
  106  11:17  SCV x2  
  110  11:19  SCV  
  110  11:21  SCV  
  110  11:24  SCV  
  110  11:25  Hellion  
  108  11:36  SCV x2  
  108  11:37  SCV x2, Siege Tank  
  108  11:39  Hellion x3  
  121  11:40  Siege Tank  
  121  11:41  Siege Tank  
  121  11:42  Missile Turret  
  121  11:46  Missile Turret  
  127  11:48  Missile Turret  
  127  11:52  SCV  
  128  11:58  SCV  
  121  12:04  Hellion  
Tags
 
Add a new tag
Caveats
  • Supply blocks, unpowered buildings, or Contaminate may cause inaccurate times.
  • Supply counts are checked every 10 seconds.